 Dungeon Crawl Stone Soup version 0.29-a0-791-ga0f254aafb (webtiles) character file.

Game seed: 14803627844960827908

408 Malachi the Cleaver (level 6, -1/51 HPs)
             Began as a Gnoll Wanderer on July 3, 2022.
             Was a Believer of Fedhas.
             Slain by a gnoll
             ... wielding a +0 club
              (6 damage)
             ... on level 4 of the Dungeon.
             The game lasted 00:03:00 (1997 turns).

Malachi the Cleaver (Gnoll Wanderer)                Turns: 1997, Time: 00:03:01

Health: -1/51      AC:  3    Str: 16    XL:     6   Next: 88%
Magic:  7/9        EV: 12    Int:  8    God:    Fedhas [**....]
Gold:   114        SH:  0    Dex: 12    Spells: 9/9 levels left

rFire   . . .      SeeInvis +   n - +2 sling (flame)
rCold   . . .      Faith    .   (no shield)
rNeg    . . .      Spirit   .   f - +0 leather armour
rPois   .          Reflect  .   (no helmet)
rElec   .          Harm     .   (no cloak)
rCorr   .          Rampage  .   (no gloves)
Will    .....                   (no boots)
Stlth   ++........              (no amulet)
HPRegen 0.17/turn               k - ring of see invisible
MPRegen 0.11/turn               (no ring)

@: no status effects
A: fangs 1, strong nose, distributed training
a: Renounce Religion, Wall of Briars


You were on level 4 of the Dungeon.
You worshipped Fedhas.
Fedhas was pleased with you.
You visited 1 branch of the dungeon, and saw 4 of its levels.

You collected 114 gold pieces.

Inventory:

Hand Weapons
 a - a +2 hand axe
 d - a +0 dagger
 n - a +2 sling of flaming (weapon)
 o - a +0 arbalest
 p - a +0 dagger of electrocution
Missiles
 c - 7 boomerangs
 u - 4 poisoned darts
Armour
 f - a +0 leather armour (worn)
Jewellery
 k - a ring of see invisible (left hand)
Wands
 j - a wand of digging (12)
Scrolls
 b - 2 scrolls of teleportation
 g - a scroll of amnesia {unknown}
 h - a scroll of fog {unknown}
 i - a scroll of poison {unknown}
 l - a scroll of fear {unknown}
 m - 2 scrolls of identify {unknown}
 q - 2 scrolls of magic mapping {unknown}
 s - a scroll of immolation {unknown}
 t - a scroll of blinking {unknown}
Potions
 e - 3 potions of curing {unknown}
 r - a potion of heal wounds
 v - a potion of invisibility {unknown}
 w - a potion of attraction {unknown}


   Skills:
 + Level 5.1 Fighting
 + Level 2.2 Short Blades
 + Level 2.2 Long Blades
 + Level 10.7 Axes
 + Level 2.2 Maces & Flails
 + Level 2.2 Polearms
 + Level 2.2 Staves
 + Level 2.2 Ranged Weapons
 + Level 3.4 Throwing
 + Level 2.2 Armour
 + Level 2.2 Dodging
 + Level 2.2 Stealth
 + Level 2.2 Shields
 + Level 5.1 Unarmed Combat
 + Level 2.2 Spellcasting
 + Level 1.8 Conjurations
 + Level 1.8 Hexes
 + Level 1.8 Summonings
 + Level 1.8 Necromancy
 + Level 1.8 Translocations
 + Level 1.8 Transmutations
 + Level 1.8 Fire Magic
 + Level 1.8 Ice Magic
 + Level 1.8 Air Magic
 + Level 1.8 Earth Magic
 + Level 1.8 Poison Magic
 + Level 2.5 Invocations
 + Level 2.2 Evocations


You had 9 spell levels left.
You didn't know any spells.
Your spell library contained the following spells:

 Spells                   Type           Power      Damage    Failure   Level
 Stone Arrow              Conj/Erth      6%         3d7       52%         3
 Borgnjor's Vile Clutch   Necr/Erth      1%         N/A       99%         5
 Iron Shot                Conj/Erth      1%         9d1       100%        6


Dungeon Overview and Level Annotations

Branches:
Dungeon (4/15)
 Temple: D:4-7

Altars:
Fedhas
Nemelex Xobeh

Shops:
D:2 (


Innate Abilities, Weirdness & Mutations

You have very sharp teeth.
Your uncanny sense of smell can sniff out nearby items.
Your experience applies equally to all skills.


Message History

The gnoll hits you with a +0 club.
The gnoll hits your briar patch but does no damage.
Unknown command.
Fire: n) +2 sling (flame)
Press: ? - help, Q - select action, (/) - cycle Shift-Dir - straight line, f/p - gnoll
Aim: a gnoll, wielding a +0 club (severely wounded, ally target)
You shoot a sling bullet.
The sling bullet closely misses the gnoll.
The gnoll closely misses you.
Fire: n) +2 sling (flame)
Press: ? - help, Q - select action, (/) - cycle Shift-Dir - straight line, f/p - gnoll
Aim: a gnoll, wielding a +0 club (severely wounded, ally target)
You shoot a sling bullet.
The sling bullet barely misses the gnoll.
The gnoll misses you. The gnoll closely misses you.
The gnoll hits you with a +0 club!
* * * LOW HITPOINT WARNING * * *
Fire: n) +2 sling (flame)
Press: ? - help, Q - select action, (/) - cycle Shift-Dir - straight line, f/p - gnoll
Aim: a gnoll, wielding a +0 club (severely wounded, ally target)
You shoot a sling bullet.
The sling bullet closely misses the gnoll.
The gnoll hits you with a +0 club!
* * * LOW HITPOINT WARNING * * *
The gnoll barely misses you.
Fire: n) +2 sling (flame)
Press: ? - help, Q - select action, (/) - cycle Shift-Dir - straight line, f/p - gnoll
Aim: a gnoll, wielding a +0 club (severely wounded, ally target)
You shoot a sling bullet.
The sling bullet barely misses the gnoll.
The gnoll closely misses you.
The gnoll hits you from afar with a +0 spear.
* * * LOW HITPOINT WARNING * * *
You walk carefully through the plants.
The gnoll is struck by your briar patch's thorns.
The gnoll hits your briar patch with a +0 club.
The gnoll hits you but does no damage. The gnoll misses you.
The gnoll attacks as you move away! The gnoll hits you with a +0 club.
You die...
Fedhas appreciates your contribution to the ecosystem.

## #.# . #.#.# #.#.#.#
#####g#.#.# .....g.g#.#
.#######g#.#
#......PgP..#
#......PgP..#
#......P@P..# ∆
#...........# #
......#..........## #
......#..........#
##......#..........##
........#...........#
........#.............#
......# #...........#.#
......# #..)........#.#


You could see 4 gnolls.

Vanquished Creatures
  Grinder (D:4)
  A jelly (D:4)
  5 adders
  3 worms
  An orc (D:3)
  6 ball pythons
  3 bats
  5 endoplasms
  3 giant cockroaches (D:3)
  4 goblins
  8 kobolds
  A quokka (D:2)
  A frilled lizard (D:2)
  4 rats
46 creatures vanquished.

Vanquished Creatures (collateral kills)
  An ogre (D:4)
  A hobgoblin (D:4)
2 creatures vanquished.

Grand Total: 48 creatures vanquished

Notes
Turn   | Place    | Note
-------+----------+-------------------------------------------
     0 | D:1      | Reached skill level 10 in Axes
     0 | D:1      | Malachi the Gnoll Wanderer began the quest for the Orb.
     0 | D:1      | Malachi set off with the following items: a +2 hand axe, a
                  | scroll of teleportation, 7 boomerangs, a +0 dagger, a
                  | potion of heal wounds, a +0 leather armour.
     0 | D:1      | Reached XP level 1. HP: 20/20 MP: 1/1
   129 | D:1      | You fall into a shaft and drop 1 floor!
   331 | D:2      | Reached XP level 2. HP: 26/26 MP: 2/2
   529 | D:2      | Found a faded altar of an unknown god.
   556 | D:2      | Reached XP level 3. HP: 22/31 MP: 3/3
   566 | D:2      | Prayed at the altar of an unknown god.
   566 | D:2      | Became a worshipper of Fedhas Madash
   566 | D:2      | Reached * piety under Fedhas
   592 | D:2      | Found Jodo's Weapon Boutique.
   681 | D:2      | Found a sparkling altar of Nemelex Xobeh.
   748 | D:2      | Reached skill level 1 in Invocations
  1039 | D:3      | Got the Disquisition on the Mountains
  1045 | D:3      | Reached skill level 1 in Short Blades
  1045 | D:3      | Reached skill level 1 in Long Blades
  1045 | D:3      | Reached skill level 1 in Maces & Flails
  1045 | D:3      | Reached skill level 1 in Polearms
  1045 | D:3      | Reached skill level 1 in Staves
  1045 | D:3      | Reached skill level 1 in Ranged Weapons
  1045 | D:3      | Reached skill level 1 in Armour
  1045 | D:3      | Reached skill level 1 in Dodging
  1045 | D:3      | Reached skill level 1 in Stealth
  1045 | D:3      | Reached skill level 1 in Shields
  1045 | D:3      | Reached skill level 1 in Spellcasting
  1045 | D:3      | Reached skill level 1 in Evocations
  1090 | D:3      | Reached XP level 4. HP: 34/38 MP: 5/5
  1570 | D:3      | Reached ** piety under Fedhas
  1707 | D:3      | Reached skill level 1 in Conjurations
  1707 | D:3      | Reached skill level 1 in Hexes
  1707 | D:3      | Reached skill level 1 in Summonings
  1707 | D:3      | Reached skill level 1 in Necromancy
  1707 | D:3      | Reached skill level 1 in Translocations
  1707 | D:3      | Reached skill level 1 in Transmutations
  1707 | D:3      | Reached skill level 1 in Fire Magic
  1707 | D:3      | Reached skill level 1 in Ice Magic
  1707 | D:3      | Reached skill level 1 in Air Magic
  1707 | D:3      | Reached skill level 1 in Earth Magic
  1707 | D:3      | Reached skill level 1 in Poison Magic
  1804 | D:4      | Reached XP level 5. HP: 43/43 MP: 5/7
  1836 | D:4      | Noticed an ogre
  1843 | D:4      | Killed an ogre
  1929 | D:4      | Noticed Grinder
  1938 | D:4      | Killed Grinder
  1939 | D:4      | Reached skill level 5 in Fighting
  1939 | D:4      | Reached skill level 5 in Unarmed Combat
  1939 | D:4      | Reached XP level 6. HP: 51/51 MP: 5/9
  1997 | D:4      | Slain by a gnoll

Illustrated notes

Levels and vault maps discovered:
D:1:      minmay_arrival_shattered_statue, layout_rooms
D:2:      layout_basic, basic_altar, shapermc_ecumenical_altar_starsandcircs,
          serial_shops, shop
D:3:      layout_basic
D:4:      layout_basic, uniq_grinder, uniq_blork_the_orc, uniq_duvessa

Skill      XL: |  1  2  3  4  5 |
---------------+----------------+-----
Axes           | | 10.7
Invocations    | 1 2 |  2.5
Short Blades   | 1 2 |  2.2
Long Blades    | 1 2 |  2.2
Maces & Flails | 1 2 |  2.2
Polearms       | 1 2 |  2.2
Staves         | 1 2 |  2.2
Ranged Weapons | 1 2 |  2.2
Armour         | 1 2 |  2.2
Dodging        | 1 2 |  2.2
Stealth        | 1 2 |  2.2
Shields        | 1 2 |  2.2
Spellcasting   | 1 2 |  2.2
Evocations     | 1 2 |  2.2
Conjurations   | 1 |  1.8
Hexes          | 1 |  1.8
Summonings     | 1 |  1.8
Necromancy     | 1 |  1.8
Translocations | 1 |  1.8
Transmutations | 1 |  1.8
Fire Magic     | 1 |  1.8
Ice Magic      | 1 |  1.8
Air Magic      | 1 |  1.8
Earth Magic    | 1 |  1.8
Poison Magic   | 1 |  1.8
Throwing       | 3 |  3.4
Fighting       | 5 |  5.1
Unarmed Combat | 5 |  5.1

Action                   |  1- 3 |  4- 6 || total
-------------------------+-------+-------++-------
Melee: Hand axe          |    29 |       ||    29
       Bite              |     1 |       ||     1
 Fire: Sling             |    24 |    70 ||    94
Throw: Boomerang         |    17 |       ||    17
Invok: Wall of Briars    |       |     3 ||     3
  Use: Potion            |     1 |       ||     1
Armor: Leather armour    |     7 |     3 ||    10
Dodge: Dodged            |    27 |    17 ||    44

Table legend: (Time is in decaauts)
 A = Elapsed time spent in this place.
 B = Non-inter-level travel time spent in this place.
 C = Inter-level travel time spent in this place.
 D = Time resting spent in this place.
 E = Time spent auto-exploring this place.
 F = Levels seen in this place.
 G = Mean time per level.
                   A        B        C        D        E       F      G
               +--------+--------+--------+--------+--------+-----+--------+
         Total |   2028 |   1979 |     49 |     36 |   1589 |   4 |  507.0 |
       Dungeon |   2028 |   1979 |     49 |     36 |   1589 |   4 |  507.0 |
               +--------+--------+--------+--------+--------+-----+--------+

Top non-repeatable levels by time:
     D:2: 882 daAuts
     D:3: 786 daAuts
     D:4: 231 daAuts
     D:1: 128 daAuts
